AoeStats
← denveurs61

African Clearing

506592228Analyzed
4v4 RM · 20d ago on Sep 14, 2026· 43m 7s· 8 players
Game mode
Random Map
Map size
Large (8 player)
Population
200
Speed
Normal
Resources
Standard
Victory
Conquest
Starting age
Dark Age
Ending age
Imperial Age
RankedLock teamsTeams togetherTeam positionsShared explorationLock speedFull tech treeHidden civsTurbo modeCheats
Victory
Defeat
🇺🇦 Persians · Ukraine
1025
+13
🇪🇸 Mongols · Spain
1005
+14
🇫🇷 Huns · France
976
+15
🇭🇰 Britons · Hong Kong SAR China
959
+15
🇹🇷 Japanese · Türkiye
1003
-17
🇹🇷 Huns · Türkiye
961
-15
🇹🇷 Bulgarians · Türkiye
953
-14
🇹🇷 Aztecs · Türkiye
879
-11
舒服
16:47 Feudal Age
17:49 Loom
24:18 Castle Age
25:27 Pikeman
27:33 Squires
39:32 Gold Mining
43:23 Imperial Age
41:04 Double-Bit Axe
43:26 Horse Collar
denveurs61
14:33 Feudal Age
12:49 Loom
14:47 Man-at-Arms
16:28 Wheelbarrow
16:57 Forging
16:47 Scale Mail Armor
24:05 Bloodlines
25:05 Scale Barding Armor
28:15 Double-Bit Axe
28:12 Horse Collar
35:28 Castle Age
35:34 Elite Skirmisher
38:17 Hand Cart
40:35 Imperial Age
38:53 Marauders
39:55 Gold Mining
39:55 Stone Mining
41:10 Chain Barding Armor
41:26 Iron Casting
40:54 Husbandry
43:44 Bow Saw
khan061
13:56 Feudal Age
14:49 Double-Bit Axe
16:31 Wheelbarrow
15:47 Horse Collar
20:55 Castle Age
25:46 Hand Cart
25:45 Bow Saw
26:00 Town Watch
26:17 Heavy Plow
28:40 Stone Mining
28:43 Gold Mining
31:54 Ballistics
32:26 Padded Archer Armor
32:17 Fletching
34:16 Leather Archer Armor
33:56 Bodkin Arrow
39:20 Imperial Age
39:28 Imperial Age
40:55 Gold Shaft Mining
42:08 Chemistry
41:12 Bracer
Andrxuv
4:44 Loom
19:09 Feudal Age
ertugrul.guven2367
7:36 Loom
17:49 Feudal Age
18:49 Double-Bit Axe
19:46 Wheelbarrow
20:08 Bloodlines
22:26 Castle Age
30:45 Elite Skirmisher
31:46 Fletching
31:57 Padded Archer Armor
34:48 Husbandry
yasindilek
6:34 Loom
15:19 Feudal Age
19:59 Castle Age
20:08 Fletching
20:43 Bodkin Arrow
30:48 Scale Barding Armor
35:02 Wheelbarrow
37:33 Chain Barding Armor
37:16 Town Watch
37:18 Double-Bit Axe
olaslllkslz
12:24 Loom
15:12 Feudal Age
35:23 Castle Age
34:29 Scale Mail Armor
34:22 Double-Bit Axe
o.f.sayin
Connection lost

Rejoining the realm…

Still unreachable

The connection could not be restored.

Session expired

The server has moved on; the page needs a fresh start.